 Dungeon Crawl Stone Soup version 0.31.0-1-g2c135a008e (webtiles) character file.

Game seed: 4260564827773969120

105 qw the Shooter (level 5, -1/40 HPs)
             Began as a Djinni Hunter on Jan 23, 2024.
             Slain by a hobgoblin (4 damage)
             ... led by Robin
             ... on level 3 of the Dungeon.
             The game lasted 00:00:09 (2421 turns).

qw the Shooter (Djinni Hunter)                      Turns: 2421, Time: 00:00:09

Health: -1/40      AC:  6    Str: 10    XL:     5   Next: 8%
Gold:   191        EV: 11    Int: 10    God:
                   SH:  0    Dex: 19

rFire   + + .        a - +1 shortbow
rCold   x . .        (shield currently unavailable)
rNeg    . . .        h - +0 ring mail
rPois   inf          (no helmet)
rElec   .            (no cloak)
rCorr   .            b - +0 pair of gloves
SInv    .            (boots unavailable)
Will    .....        (no amulet)
Stlth   +            (no ring)
HPRegen 0.26/turn    (no ring)
MPRegen 0.00/turn

%: infuse magic (-2 HP)
@: flying
A: sickness immunity, fire resistance 2, cold vulnerability 1, float, innate
caster, HP casting, extra vitality 1
a: no special abilities


You were on level 3 of the Dungeon.
You visited 1 branch of the dungeon, and saw 4 of its levels.

You collected 191 gold pieces.


Innate Abilities, Weirdness & Mutations

You are immune to sickness and miasma.
You are immune to poison.
Your flesh is very heat resistant. (rF++)
You are vulnerable to cold. (rC-)
You float through the air rather than walking.
You learn spells naturally, not from books.
Your magical power is your life essence.
You have superior vitality. (+4 MHP)


   Skills:
 - Level 3.1 Fighting
 + Level 4.3 Ranged Weapons
 - Level 1.0 Armour
 - Level 2.1 Dodging
 - Level 0.7 Stealth


You knew the following spells:

 Your Spells              Type           Power      Damage    Failure   Level
a - Summon Small Mammal   Summ           0%         N/A       67%         1
b - Mercury Vapours       Alch/Air       0%         N/A       82%         2
Your spell library was empty.

Inventory:

Hand Weapons
 a - a +1 shortbow (weapon)
Armour
 b - a +0 pair of gloves (worn)
 h - a +0 ring mail (worn)
Wands
 i - a wand of iceblast (9)
Potions
 d - a potion of might
 e - 3 potions of curing
 j - a potion of haste {unknown}
 l - a potion of heal wounds {unknown}

Dungeon Overview and Level Annotations

Branches:
Dungeon (4/15)
 Temple: D:4-7

Altars:


Message History

The goblin hits you but does no damage. The goblin barely misses you.
You shoot an arrow. The arrow hits the goblin.
The goblin is moderately wounded.
The hobgoblin closely misses you. The goblin barely misses you.
The goblin hits you but does no damage.
You shoot an arrow. The arrow closely misses the goblin.
The hobgoblin barely misses you. The goblin hits you but does no damage.
The goblin hits you with a +0 club. The hobgoblin hits you.
The goblin hits you but does no damage. The goblin closely misses you.
You shoot an arrow. The arrow hits the goblin!
You kill the goblin!
The hobgoblin no longer looks unusually strong.
The hobgoblin hits you. The goblin hits you with a +0 club.
You shoot an arrow. The arrow barely misses the goblin.
The hobgoblin hits you. The goblin barely misses you.
You shoot an arrow. The arrow misses the goblin.
The goblin no longer looks unusually strong.
The hobgoblin barely misses you. The goblin closely misses you.
You shoot an arrow. The arrow closely misses the goblin.
The hobgoblin hits you but does no damage.
The goblin hits you but does no damage. The hobgoblin closely misses you.
The goblin hits you but does no damage.
You shoot an arrow. The arrow completely misses the goblin.
The hobgoblin closely misses you. The goblin closely misses you.
You shoot an arrow. The arrow barely misses the goblin.
The hobgoblin misses you. The goblin misses you.
You shoot an arrow. The arrow completely misses the goblin.
The hobgoblin hits you but does no damage.
The goblin closely misses you.
The hobgoblin hits you but does no damage.
The goblin hits you with a +0 club.
You shoot an arrow. The arrow hits the goblin.
You kill the goblin!
The hobgoblin hits you but does no damage.
You shoot an arrow. The arrow closely misses the hobgoblin.
The hobgoblin barely misses you.
You shoot an arrow. The arrow hits the hobgoblin.
The hobgoblin is severely wounded.
The hobgoblin hits you.
You die...

#.# ####..#.########.# #.#
####.# ####..#.########.#
#.### .....#
####....########.# #....
###### ####.##.########)#
####. ####.##.########.###
#. ####.##.###....!...# #.
####.##.###.....##.######.
####.....g##..#####.<...##.
#....#...)@#..# #####.##.
#.##.....))#..# #.##.
#.#...##.#.#..# ##### #.##.
#.#.####..#...# #...###.##.
#.#.# #..###..###..........
#.#.# #...#.#.......######%
#.#.# #..#.######..## ##
#.#.# #............# #
#.#.# #.##.######.## #


You could see a hobgoblin.

Vanquished Creatures
  Robin (D:3)
  4 adders
  7 endoplasms
  2 giant cockroaches
  14 goblins
  5 hobgoblins
  4 jackals (D:1)
  3 quokkas
  7 ball pythons
  A bat (D:3)
  A frilled lizard (D:2)
  A kobold (D:1)
  2 rats (D:2)
52 creatures vanquished.

Notes
Turn   | Place    | Note
-------+----------+-------------------------------------------
     0 | D:1      | qw the Djinni Hunter began the quest for the Orb.
     0 | D:1      | Reached XP level 1. HP: 18/18 MP: 0/0
     0 | D:1      | 0 ||| qw: Version: 0.3-a-134-g2ba4250
     0 | D:1      | 0 ||| qw: Game counter: 745
     0 | D:1      | 0 ||| qw: Melee chars always use a shield: true
     0 | D:1      | 0 ||| qw: God list: Okawaru
     0 | D:1      | 0 ||| qw: Allow faded altars: false
     0 | D:1      | 0 ||| qw: Do Orc after clearing Dungeon:15 true
     0 | D:1      | 0 ||| qw: Do second Lair branch before Depths: true
     0 | D:1      | 0 ||| qw: Lair rune preference: random
     0 | D:1      | 0 ||| qw: Goals: Normal
     0 | D:1      | 0 ||| PLANNING D:1-11
    68 | D:1      | Reached XP level 2. HP: 22/23 MP: 0/0
   360 | D:1      | Reached XP level 3. HP: 28/28 MP: 0/0
   360 | D:1      | Learned a level 1 spell: Summon Small Mammal
   393 | D:1      | Reached skill level 4 in Ranged Weapons
   754 | D:1      | 754 ||| UPGRADING to +0 ring mail.
   764 | D:1      | 764 ||| DROPPING +0 leather armour.
   765 | D:1      | 765 ||| READING scroll labelled LIR UMEOWE.
   765 | D:1      | 765 ||| IDENTIFYING sedimented grey potion
   766 | D:1      | 766 ||| READING scroll labelled XEKIUCHUOCK.
   770 | D:1      | 770 ||| READING scroll labelled DOBEIQ DOMAAFE.
   821 | D:1      | 821 ||| DROPPING scroll of butterflies.
   972 | D:2      | Reached skill level 1 in Armour
  1388 | D:2      | You are sucked into a shaft and drop 1 floor!
  1433 | D:3      | 1433 ||| UPGRADING to +0 pair of gloves.
  1438 | D:3      | 1438 ||| READING scroll labelled QIELIE JOHEL.
  1502 | D:2      | Reached XP level 4. HP: 34/34 MP: 0/0
  1504 | D:2      | Found a faded altar of an unknown god.
  1958 | D:3      | Reached skill level 3 in Fighting
  2259 | D:3      | 2259 ||| READING scroll of identify.
  2259 | D:3      | 2259 ||| IDENTIFYING fizzy dark potion
  2260 | D:3      | 2260 ||| READING scroll labelled GIERO LEZA.
  2261 | D:3      | 2261 ||| READING scroll labelled URABREX ZOVAK.
  2261 | D:3      | 2261 ||| ENCHANTING +0 shortbow.
  2262 | D:3      | 2262 ||| READING scroll labelled HOSOWEICIK.
  2263 | D:3      | 2263 ||| DRINKING 4 gluggy clear potions.
  2264 | D:3      | 2264 ||| DROPPING 3 potions of brilliance.
  2276 | D:4      | Noticed Robin
  2277 | D:4      | 2277 ||| STAIRDANCE
  2282 | D:4      | 2282 ||| STAIRDANCE
  2294 | D:3      | HP: 8/35 [goblin/+0 club[Robin] (1)]
  2401 | D:4      | 2401 ||| STAIRDANCE
  2406 | D:3      | Killed Robin
  2407 | D:3      | Reached XP level 5. HP: 22/40 MP: 0/0
  2407 | D:3      | Learned a level 2 spell: Mercury Vapours
  2411 | D:3      | HP: 10/40 [goblin/+0 club[Robin] (2)]
  2412 | D:3      | HP: 4/40 [goblin/+0 club[Robin] (1)]
  2418 | D:3      | HP: 2/40 [goblin/+0 club[Robin] (2)]
  2421 | D:3      | Slain by a hobgoblin

Levels and vault maps discovered:
D:1:      saegor_arrival_simple_c, layout_loops_ring, nrook_loot_triangle,
          hangedman_abyss_or_decor_lesser_grid, nicolae_kite_square_tiling_tiny,
          minmay_misc_feat_encased, amethyst_killhole, minmay_tromino_mix6
D:2:      layout_loops_corners, dreamdust_ecumenical_altar_statues
D:3:      layout_loops_ring
D:4:      layout_rooms, general_overflow_altar, serial_bayou,
          serial_bayou_shore_a, serial_bayou_lagoon_b, serial_bayou_lagoon_a,
          serial_bayou_pond_a, serial_bayou_lake_a, uniq_robin, uniq_natasha,
          uniq_blork_the_orc, uniq_edmund

Skill      XL: |  1  2  3  4 |
---------------+-------------+-----
Ranged Weapons | 4 |  4.3
Armour         | 1 |  1.0
Fighting       | 3 |  3.1
Dodging        | |  2.1
Stealth        | |  0.7

Action                     |  1- 3 |  4- 6 || total
---------------------------+-------+-------++-------
   Fire: Shortbow          |    80 |    67 ||   147
    Use: Scroll            |     4 |     4 ||     8
         Potion            |       |     1 ||     1
 Armour: Leather armour    |     6 |       ||     6
         Ring mail         |    15 |    90 ||   105
  Dodge: Dodged            |    20 |    90 ||   110

Table legend:
 A = Non-vault XP
 B = Vault XP
 C = Vault XP percentage of total XP
 D = Non-vault monster count
 E = Vault monster count
 F = Vault count percentage of total count
                 A         B        C        D         E       F
            +---------+---------+-------+---------+---------+-------
      Total |     112 |      38 |  25.3 |      39 |      13 |  25.0
            +---------+---------+-------+---------+---------+-------
        D:1 |      34 |       4 |  10.5 |      19 |       2 |   9.5
        D:2 |      41 |       0 |   0.0 |      11 |       0 |   0.0
        D:3 |      37 |      34 |  47.9 |       9 |      11 |  55.0
            +---------+---------+-------+---------+---------+-------
